 Dungeon Crawl Stone Soup version 0.28.0-53-g5a82cb258f (webtiles) character file.

Game seed: 14814418110688055308

194 LynnLen the Sneak (level 5, -2/28 HPs)
             Began as a Vampire Enchanter on Aug 15, 2022.
             Slain by an orc
             ... wielding a +0 flail
              (9 damage)
             ... on level 3 of the Dungeon.
             The game lasted 00:06:50 (3454 turns).

LynnLen the Sneak (Vampire Enchanter)               Turns: 3454, Time: 00:06:50

Health: -2/28      AC:  3    Str:  7    XL:     5   Next: 44%
Magic:  5/8        EV: 12    Int: 23    God:
Gold:   153        SH:  0    Dex: 17    Spells: 5/8 levels left

rFire   . . .      SeeInvis +   g - +1 dagger (venom)
rCold   + + .      Faith    .   (no shield)
rNeg    + + +      Spirit   .   h - +0 leather armour
rPois   ∞          Reflect  .   (no helmet)
rElec   .          Harm     .   m - scarf {+Inv}
rCorr   .          Rampage  .   (no gloves)
Will    .....                   (no boots)
Stlth   ++++++....              (no amulet)
HPRegen 0.00/turn               k - +6 ring of intelligence
MPRegen 0.11/turn               (no ring)

@: bloodless, inhibited regen
A: bloodless, fangs 3, see invisible, vampiric 2
a: Bat Form, Revivify, Evoke Invisibility


You were on level 3 of the Dungeon.
You visited 1 branch of the dungeon, and saw 3 of its levels.

You collected 153 gold pieces.

Inventory:

Hand Weapons
 a - a +1 dagger
 d - a +0 hunting sling
 g - a +1 dagger of venom (weapon)
Missiles
 n - 28 stones
Armour
 h - a +0 leather armour (worn)
 m - a scarf of invisibility (worn)
Jewellery
 k - a +6 ring of intelligence (left hand)
Scrolls
 b - a scroll of blinking {unknown}
 e - 2 scrolls of fog {unknown}
 i - a scroll of teleportation {unknown}
 o - a scroll of torment {unknown}
Potions
 c - a potion of invisibility
 j - a potion of attraction {unknown}
 l - a potion of brilliance {unknown}
 p - 2 potions of heal wounds {unknown}


   Skills:
 + Level 4.2 Short Blades
 - Level 2.1 Dodging
 + Level 7.4 Stealth
 - Level 2.0 Spellcasting
 - Level 4.4 Hexes


You had 5 spell levels left.
You knew the following spells:

 Your Spells              Type           Power      Damage    Failure   Level
a - Confusing Touch       Hex            22%        N/A       10%         3

Your spell library contained the following spells:

 Spells                   Type           Power      Damage    Failure   Level
 Tukima's Dance           Hex            22%        N/A       10%         3
 Ensorcelled Hibernation  Hex/Ice        24%        N/A       12%         2
 Dazzling Flash           Conj/Hex       24%        N/A       24%         3
 Gell's Gravitas          Tloc           2%         N/A       50%         3
 Lesser Beckoning         Tloc           2%         N/A       50%         3
 Teleport Other           Tloc           2%         N/A       50%         3


Dungeon Overview and Level Annotations

Branches:
Dungeon (3/15)

Altars:


Innate Abilities, Weirdness & Mutations

You do not regenerate when monsters are visible.
You are frail without blood (-20% HP).
You can heal yourself when you bite living creatures.
You are immune to poison.
You have razor-sharp teeth.
You have supernaturally acute eyesight. (SInv)
You are afflicted with vampirism and can become a bat while bloodless.


Message History

You climb upwards.
There is a stone staircase leading down here.
You start resting.
Magic restored.
You start resting.
HP restored.
There is a stone staircase leading down here.
You climb downwards.
There is a stone staircase leading up here.
The orc closely misses you.
You hit the orc.
The orc is poisoned.
The orc is moderately wounded.
The orc hits you with a +0 flail.
You hit the orc. You bite the orc.
You kill the orc!
You see here a +0 flail.
You closely miss the orc. The orc hits you with a +0 flail.
You hit the orc.
The orc is poisoned.
The orc is lightly wounded.
The orc hits you with a +0 flail.
You hit the orc.
You kill the orc!
You hit the orc but do no damage. The orc closely misses you.
You hit the orc but do no damage. The orc barely misses you.
Casting: Confusing Touch (quite dangerous; 10% risk of failure)
Press: ? - help, Q - select action, (/) - cycle Dir - look around, f - activate Your hands begin to glow red.
The orc hits you with a +0 flail!
* * * LOW HITPOINT WARNING * * *
Casting: Confusing Touch (quite dangerous; 10% risk of failure)
Press: ? - help, Q - select action, (/) - cycle Dir - look around, f - activate
Okay, then.
You hit the orc but do no damage. The orc barely misses you.
You hit the orc but do no damage. You hit the orc but do no damage.
The orc appears confused.
The orc closely misses you.
You hit the orc.
The orc is heavily wounded.
The orc hits you with a +0 flail!
You die...

##.####.##..........)#
...# #..##.#####.....#
...###.###...####....#
.....................#
#.#.##..o..<....#....#
.....Z.........##....#
.......o.....#.##....#
..##.........#.)#....#
...#......##.##o@...##
##....#####..##.....#
#....# #.###.....#
###..# #.# #...<.#
#..## #.# #.....#
###...####.###.....#
#............#######
##............#
.....(........#


You could see an orc (confused).

Vanquished Creatures
  A centaur zombie (D:3)
  A hound (D:3)
  Crazy Yiuf (D:2)
  3 gnolls (D:2)
  2 adders
  A worm (D:2)
  2 dart slugs
  3 orcs (D:3)
  4 ball pythons
  3 endoplasms
  3 giant cockroaches
  6 goblins
  4 hobgoblins
  5 kobolds
  A quokka (D:1)
  2 bats (D:1)
  2 frilled lizards (D:2)
  5 rats
49 creatures vanquished.

Notes
Turn   | Place    | Note
-------+----------+-------------------------------------------
     0 | D:1      | LynnLen the Vampire Enchanter began the quest for the Orb.
     0 | D:1      | Reached XP level 1. HP: 13/13 MP: 3/3
   417 | D:1      | Reached skill level 5 in Stealth
   417 | D:1      | Reached XP level 2. HP: 7/15 MP: 5/5
   716 | D:1      | Found a faded altar of an unknown god.
  1131 | D:2      | Found a runed translucent door.
  1132 | D:2      | Noticed Crazy Yiuf
  1420 | D:2      | Gained mutation: You are afflicted with vampirism and can
                  | become a bat while bloodless. [Vampire growth]
  1420 | D:2      | Reached XP level 3. HP: 18/19 MP: 6/6
  1443 | D:2      | Learned a level 3 spell: Confusing Touch
  1936 | D:2      | Reached skill level 6 in Stealth
  2301 | D:2      | Reached XP level 4. HP: 24/24 MP: 3/7
  2423 | D:2      | Killed Crazy Yiuf
  2838 | D:3      | Reached skill level 7 in Stealth
  2838 | D:3      | Reached XP level 5. HP: 12/28 MP: 4/8
  3454 | D:3      | Slain by an orc

Illustrated notes

Levels and vault maps discovered:
D:1:      mrwooster_arrival_statue_2, layout_loops_ring,
          shapermc_ecumenical_altar_mp_vishouse, serial_bayou_pond_d
D:2:      layout_loops_ring, uniq_crazy_yiuf_cottage
D:3:      layout_rooms, st_stairs_4, minmay_quantized

Skill      XL: |  1  2  3  4 |
---------------+-------------+-----
Stealth        | 5 6 7 |  7.4
Short Blades   | 2 3 4 |  4.2
Dodging        | |  2.1
Spellcasting   | |  2.0
Hexes          | |  4.4

Action                   |  1- 3 |  4- 6 || total
-------------------------+-------+-------++-------
Melee: Dagger            |    75 |    58 ||   133
       Bite              |     9 |     4 ||    13
       Punch             |     2 |     5 ||     7
 Cast: Confusing Touch   |     5 |     5 ||    10
 Abil: Exsanguinate      |     1 |       ||     1
  Use: Scroll            |     1 |     1 ||     2
       Potion            |       |     1 ||     1
 Stab: Sleeping          |     9 |     5 ||    14
       Confused          |     3 |     3 ||     6
Armor: Robe              |     1 |       ||     1
       Leather armour    |     6 |    10 ||    16
Dodge: Dodged            |    29 |    29 ||    58
